cohdb
Replays
Latest Replays
All Replays
Popular Replays
Top Player Replays
Match Explorer
How It Works
Community
CoH3 Stats
Reddit
Sign in to upload your games and track your stats! →
Sign in with Steam
Match 45875764
Unlisted
Match 45875764
Overview
Messages
Build Orders
End
Royal Engineer Section
Construct Section Command Post
Selects Air and Sea Battlegroup
Dingo Light Scout Car
Infantry Section
Infantry Section
Selects Supply Surplus
ML 3-inch Mortar Team
Infantry Section
Construct Platoon Command Post
Unlock M3 Stuart Light Tanks
Vickers Machine Gun Team
M3 Stuart Light Tank
Selects Commando Section Paradrop
Selects Commando Support Section Paradrop
Commando Support Section Paradrop
Construct Field Infirmary
6-pounder Anti-tank Gun Team
Rangiku licking icecream
Yong_Old Yong
cpu-easy
kyle777
24세 크립토 인생 최후의 드론EMP
muta999888
tihs86
Anavrin
0
0
Comments
sign in to comment!
No comments posted yet!